Map: King's Cove LE

Players

PtitDrogo

  • Race: Protoss Protoss
  • League: Master
  • Spawn Location: 5:00

Zanster - Winner!

  • Race: Zerg Zerg
  • Spawn Location: 11:00

Event: HomeStory Cup XIX

VOD

Have the link to the VOD?

Description

Time

  • Played on: June 28, 2019, 12:05 p.m.
  • Length: 16:06

All games in this series

Show
View Real Time Build Order
Export as new Build Order

PtitDrogo Protoss 

Build Orders: 1 Gate Expand, Oracle Opening, Archon Immortal 

Get SALT Encoding   

  12  0:00  Probe  
  13  0:12  Probe  
  14  0:18  Pylon  
  14  0:24  Probe  
  15  0:33  Probe  
  15  0:39  Gateway  
  15  0:41  Probe  
  16  0:48  Assimilator  
  17  0:51  Probe  
  18  1:03  Probe  
  19  1:15  Probe  
  20  1:27  Nexus  
  20  1:38  Cybernetics Core  
  20  1:40  Probe  
  20  1:47  Assimilator  
  21  1:55  Probe  
  21  1:56  Pylon  
  22  2:04  Adept  
  22  2:07  Probe  
  25  2:17  Stargate  
  25  2:20  Probe  
  26  2:28  Warp Gate  
  26  2:32  Probe  
  26  2:35  Stalker  
  26  2:36  Probe  
  29  2:40  Probe  
  29  2:44  Probe  
  30  2:48  Probe  
  32  2:54  Probe, Oracle  
  34  3:00  Probe  
  38  3:06  Probe  
  39  3:12  Pylon  
  39  3:15  Probe  
  39  3:18  Probe  
  41  3:21  Gateway  
  41  3:22  Oracle  
  41  3:27  Probe  
  41  3:30  Probe  
  46  3:39  Probe  
  47  3:42  Probe  
  47  3:43  Pylon  
  48  3:51  Robotics Facility  
  48  3:52  Probe  
  49  4:02  Probe  
  50  4:04  Probe  
  50  4:05  Assimilator  
  50  4:06  Assimilator  
  51  4:14  Probe  
  51  4:16  Zealot  
  51  4:17  Probe  
  55  4:20  Twilight Council  
  55  4:21  Forge  
  55  4:22  Zealot  
  57  4:26  Probe  
  57  4:30  Immortal  
  56  4:38  Probe  
  54  4:46  Adept  
  54  4:47  Zealot  
  54  4:50  Pylon  
  54  4:51  Protoss Ground Weapons Level 1  
  58  4:56  Charge  
  58  5:02  Immortal  
  58  5:12  Nexus  
  58  5:13  Pylon  
  60  5:17  Pylon  
  60  5:25  Sentry  
  60  5:26  Sentry  
  64  5:32  Gateway  
  64  5:33  Gateway x2  
  64  5:45  Warp Prism  
  64  5:49  Gateway  
  63  5:50  Gateway  
  63  5:52  Sentry  
  63  5:53  Sentry  
  67  5:57  Gateway  
  67  6:00  Probe x2  
  69  6:06  Pylon  
  69  6:08  Pylon  
  69  6:14  Templar Archives  
  69  6:17  Sentry  
  71  6:26  Probe x3  
  71  6:31  Zealot x2  
  71  6:32  Zealot x2  
  82  6:38  Probe x3  
  85  6:45  Observer  
  86  6:50  Probe x3  
  89  6:58  Protoss Ground Weapons Level 2  
  89  6:59  Pylon  
  89  7:01  Zealot x4  
  97  7:02  Probe  
  97  7:05  Zealot  
  96  7:15  Immortal  
  92  7:16  Probe x2  
  92  7:20  Probe  
  99  7:28  Stalker, Probe x2  
  103  7:30  Phoenix  
  103  7:32  Probe  
  103  7:33  Assimilator  
  103  7:34  Assimilator  
  103  7:36  Shield Battery  
  106  7:40  Probe x2  
  108  7:52  Immortal  
  112  8:01  Phoenix  
  112  8:02  Probe  
  112  8:05  Photon Cannon  
  111  8:09  Gateway x2  
  111  8:12  Pylon  
  113  8:14  Stargate  
  113  8:19  High Templar x2  
  117  8:23  High Templar x2  
  117  8:24  Zealot x2  
  125  8:27  Immortal, Archon x2  
  125  8:30  Stalker x2  
  123  8:47  Phoenix  
  121  8:55  Probe  
  116  9:03  High Templar x2  
  116  9:04  Zealot x5  
  116  9:07  Pylon  
  116  9:09  Pylon  
  130  9:10  Archon  
  130  9:25  Probe  
  130  9:26  Immortal  
  130  9:31  Zealot x6  
  143  9:33  Pylon  
  143  9:34  Pylon  
  143  9:35  Pylon  
  147  9:41  Zealot  
  149  9:56  High Templar x4  
  149  9:57  Zealot, High Templar x2  
  149  9:59  Nexus  
  163  10:02  Archon, Pylon  
  163  10:03  Archon x2  
  163  10:04  Zealot  
  165  10:09  Pylon  
  163  10:14  Protoss Ground Weapons Level 3  
  149  10:29  Zealot x3  
  149  10:30  Zealot x3  
  149  10:31  Zealot x2  
  149  10:35  Probe  
  144  10:39  Probe  
  133  10:45  Probe  
  133  10:47  Probe  
  129  10:50  Zealot x5  
  129  10:51  Probe  
  116  11:05  Void Ray  
  116  11:07  Zealot x3  
  116  11:09  Immortal  
  108  11:18  Void Ray  
  84  11:23  High Templar x5  
  93  11:28  Archon  
  93  11:29  Archon  
  93  11:30  High Templar  
  92  11:36  Archon  
  92  11:40  Zealot  
  92  11:41  Zealot  
  96  11:56  Zealot x5  
  96  11:59  Probe x2  
  108  12:04  Immortal  
  108  12:07  Zealot x3  
  114  12:10  Probe  
  114  12:14  Void Ray  
  96  12:18  High Templar x2  
  96  12:19  High Templar x2  
  96  12:20  Zealot  
  96  12:22  Observer  
  105  12:24  Archon x2  
  109  12:41  Nexus  
  109  12:42  Immortal, Pylon  
  109  12:43  Observer  
  107  12:48  Probe  
  106  12:57  Sentry  
  112  13:03  Probe  
  113  13:06  High Templar x2  
  113  13:07  Zealot x5  
  113  13:09  Probe x2, Psionic Storm  
  129  13:14  Archon  
  129  13:15  Probe  
  130  13:21  Probe  
  130  13:24  High Templar  
  130  13:26  Shield Battery  
  133  13:27  Shield Battery x2  
  133  13:29  Photon Cannon  
  133  13:30  Probe  
  134  13:37  Warp Prism  
  134  13:40  High Templar x3  
  140  13:44  Assimilator  
  142  13:50  Assimilator  
  142  13:51  High Templar  
  142  13:53  Probe x2  
  146  14:03  Protoss Shields Level 1  
  146  14:04  Gateway  
  146  14:06  Pylon  
  146  14:13  Fleet Beacon  
  140  14:24  High Templar x2  
  140  14:25  Zealot x3  
  140  14:30  Archon  
  139  14:41  High Templar x2  
  139  14:42  Zealot  
  139  14:43  Probe  
  139  14:45  Photon Cannon  
  146  14:46  Photon Cannon, Archon  
  146  14:49  Tempest x2  
  100  15:06  Zealot x4  
  97  15:34  Zealot x3  
  102  15:49  Zealot x2, High Templar x2  
  74  16:03  Archon  
Show
View Real Time Build Order
Export as new Build Order

Zanster Zerg - Winner!

Build Orders: Hatch First 

Get SALT Encoding   

  12  0:00  Drone  
  13  0:13  Overlord  
  13  0:17  Drone  
  14  0:32  Drone x2  
  16  0:49  Hatchery  
  15  0:52  Drone  
  16  0:57  Drone  
  16  0:59  Drone  
  18  1:13  Extractor  
  18  1:15  Spawning Pool  
  18  1:18  Drone  
  17  1:21  Drone  
  18  1:29  Drone  
  19  1:40  Drone  
  20  1:50  Drone  
  21  2:02  Queen x2  
  21  2:04  Overlord  
  21  2:05  Zergling x2  
  26  2:12  Drone  
  26  2:13  Zergling x2  
  28  2:17  Metabolic Boost  
  28  2:22  Drone  
  29  2:23  Drone  
  30  2:34  Drone  
  30  2:35  Drone  
  32  2:44  Hatchery  
  32  2:47  Drone  
  32  2:50  Drone  
  33  2:55  Overlord  
  33  2:59  Queen  
  33  3:02  Drone  
  36  3:14  Drone x4  
  36  3:15  Drone  
  36  3:16  Drone x2  
  36  3:19  Overlord  
  43  3:24  Spore Crawler  
  42  3:27  Drone x2  
  42  3:32  Spore Crawler  
  43  3:34  Drone  
  43  3:37  Queen  
  43  3:39  Drone  
  47  3:45  Zergling x2  
  47  3:46  Zergling x6  
  47  3:48  Zergling x2  
  52  3:53  Overlord  
  52  4:02  Overlord  
  52  4:09  Drone  
  55  4:10  Drone x4  
  55  4:13  Queen  
  55  4:16  Drone x4  
  63  4:18  Drone  
  63  4:21  Lair  
  63  4:23  Drone  
  63  4:38  Drone x4  
  58  4:40  Drone  
  58  4:43  Spore Crawler  
  58  4:44  Drone  
  59  4:46  Extractor x2, Roach Warren  
  59  4:47  Drone  
  59  4:48  Drone x3  
  59  4:52  Drone x3  
  63  4:56  Overlord  
  62  5:00  Drone x2  
  62  5:01  Drone  
  62  5:06  Drone  
  64  5:07  Drone  
  64  5:09  Drone  
  64  5:11  Drone  
  64  5:13  Drone  
  64  5:14  Drone, Extractor, Overlord  
  68  5:15  Extractor  
  68  5:16  Drone x3  
  68  5:18  Drone  
  68  5:20  Drone  
  71  5:21  Extractor  
  71  5:24  Overseer  
  70  5:30  Spire  
  70  5:32  Overlord  
  69  5:39  Drone x7  
  74  5:44  Drone x2  
  74  5:49  Hydralisk Den  
  75  5:51  Roach x2  
  75  5:52  Roach x2  
  75  5:55  Roach x2  
  87  5:58  Glial Reconstitution  
  87  6:01  Overlord  
  87  6:02  Overlord  
  87  6:03  Overlord  
  88  6:11  Overlord x2  
  88  6:20  Evolution Chamber  
  88  6:21  Roach x6  
  88  6:24  Overlord  
  99  6:27  Roach x3  
  105  6:33  Overlord  
  105  6:37  Roach x4  
  113  6:41  Roach x2  
  113  6:42  Roach  
  113  6:46  Ravager x5  
  124  6:50  Roach x3  
  124  6:52  Overlord  
  132  6:54  Roach  
  132  6:55  Roach  
  132  6:57  Ravager  
  132  6:59  Overlord  
  132  7:00  Roach  
  135  7:12  Drone x4  
  118  7:23  Mutalisk x4  
  126  7:31  Overlord  
  126  7:37  Hatchery  
  126  7:38  Mutalisk x2  
  129  7:44  Roach x6  
  129  7:45  Zergling x4, Roach  
  129  7:49  Overlord  
  145  7:56  Roach x2  
  149  8:02  Overlord  
  149  8:06  Zergling x8  
  149  8:09  Overlord  
  149  8:12  Zerg Missile Weapons Level 1  
  153  8:27  Drone x9  
  157  8:30  Overlord  
  157  8:33  Extractor  
  169  8:37  Extractor  
  142  8:56  Roach x10  
  142  9:00  Roach  
  142  9:01  Infestation Pit  
  142  9:02  Hydralisk Den, Spore Crawler  
  159  9:04  Roach x2  
  163  9:17  Hatchery  
  162  9:31  Hydralisk x15, Muscular Augments  
  162  9:34  Hydralisk  
  162  9:35  Hydralisk  
  196  9:43  Ravager  
  196  9:44  Ravager x3  
  200  9:58  Hive  
  200  10:00  Spire  
  200  10:03  Overseer  
  200  10:06  Zergling x2  
  200  10:11  Zerg Missile Weapons Level 2  
  174  10:31  Roach x21  
  170  10:40  Roach x5  
  162  10:52  Roach  
  162  10:53  Roach x6  
  169  11:02  Zergling x16  
  128  11:13  Hydralisk x3  
  128  11:14  Zergling x4  
  122  11:20  Drone x4  
  122  11:22  Drone  
  122  11:25  Ravager  
  128  11:26  Drone, Ravager  
  128  11:27  Drone  
  128  11:28  Drone  
  128  11:29  Drone  
  128  11:30  Drone  
  134  11:34  Drone x2  
  134  11:35  Ravager  
  134  11:36  Ravager  
  134  11:37  Ravager  
  134  11:38  Ravager  
  140  11:40  Ravager x2  
  140  11:42  Drone x3  
  140  11:44  Drone  
  146  11:47  Greater Spire  
  146  11:50  Drone x2  
  146  11:53  Drone x3  
  151  11:55  Drone  
  151  11:56  Drone  
  144  12:13  Drone  
  144  12:15  Drone x9  
  138  12:16  Drone x2  
  138  12:18  Roach x4  
  152  12:31  Hydralisk  
  152  12:32  Hydralisk x5  
  156  12:42  Corruptor x3  
  157  12:46  Corruptor  
  157  12:50  Corruptor  
  157  12:51  Corruptor  
  162  13:10  Hatchery  
  160  13:21  Brood Lord x4  
  160  13:22  Overseer  
  160  13:25  Brood Lord x2  
  172  13:28  Overlord  
  176  13:36  Drone  
  176  13:37  Drone x4  
  176  13:40  Hydralisk x6  
  189  13:46  Grooved Spines  
  189  13:49  Overlord  
  189  14:02  Hydralisk x4  
  197  14:05  Extractor  
  197  14:08  Extractor  
  195  14:12  Hydralisk x2  
  198  14:29  Spore Crawler  
  195  14:37  Overseer x2  
  193  14:56  Hydralisk x8  
  185  15:04  Hydralisk, Roach x9  
  196  15:19  Roach x2  
  200  15:25  Evolution Chamber  
Tags
 
Add a new tag
Caveats
  • Supply blocks, unpowered buildings, or Contaminate may cause inaccurate times.
  • Supply counts are checked every 10 seconds.